 Dungeon Crawl Stone Soup version 0.30.0-17-ge0270778cf (webtiles) character file.

Game seed: 15655661827977772662

212 cheesebisquit the Changer (level 5, 0/37 HPs)
             Began as a Merfolk Transmuter on May 21, 2023.
             Slain by a kobold brigand
             ... wielding a +0 short sword
              (9 damage)
             ... on level 4 of the Dungeon.
             The game lasted 00:16:18 (2048 turns).

cheesebisquit the Changer (Merfolk Transmuter)      Turns: 2048, Time: 00:16:18

Health: 0/37       AC:  2    Str: 10    XL:     5   Next: 90%
Magic:  8/9        EV: 12    Int: 15    God:
Gold:   136        SH:  0    Dex: 14    Spells: 0/10 levels left

rFire   . .          .
                       - Unarmed
rCold   . . .        (no shield)
rNeg    . . .        a - +0 robe
rPois   .            (helmet currently unavailable)
rElec   .            (no cloak)
rCorr   .            (no gloves)
SInv    .            (boots currently unavailable)
Will    .....        (no amulet)
Stlth   +            (no ring)
HPRegen 0.26/turn    (no ring)
MPRegen 0.11/turn

%: no passive effects
@: appendages, hasted, very quick
A: horns 2, (nimble swimmer 2), mertail
a: End Transformation


You were on level 4 of the Dungeon.
You had temporarily grown beastly horns.
You visited 1 branch of the dungeon, and saw 3 of its levels.
You also visited: Sewer.

You collected 136 gold pieces.

Inventory:

Missiles
 h - 7 poisoned darts
 i - 2 boomerangs
Armour
 a - a +0 robe (worn)
 j - the +0 scale mail of Supple Strength {rC+ Dex+3 SInv}
   (You found it on level 2 of the Dungeon)

   Dex:       It affects your dexterity (+3).
   rC:        It protects you from cold.
   SInv:      It lets you see invisible.
Wands
 c - a wand of acid (7)
 q - a wand of flame (13)
Scrolls
 d - 2 scrolls of teleportation {unknown}
 f - a scroll of fear {unknown}
 k - a scroll of fog {unknown}
 l - a scroll of magic mapping {unknown}
 m - a scroll of silence {unknown}
 n - a scroll of enchant armour {unknown}
Potions
 b - a potion of lignification
 e - 2 potions of cancellation
 g - a potion of brilliance
 o - 2 potions of might {unknown}


   Skills:
 - Level 1.1 Fighting
 - Level 2.6 Dodging
 - Level 3.2 Unarmed Combat
 + Level 3.0 Spellcasting
 + Level 6.3 Transmutations
 + Level 2.3 Poison Magic


You couldn't memorise any spells.
You knew the following spells:

 Your Spells              Type           Power      Damage    Failure   Level
a - Beastly Appendage     Tmut           42%        N/A       1%          1
b - Wereblood             Tmut           21%        N/A       2%          2
c - Spider Form           Tmut/Pois      15%        N/A       10%         3
d - Ice Form              Ice/Tmut       11%        N/A       50%         4

Your spell library contained the following spells:

 Spells                   Type           Power      Damage    Failure   Level


Dungeon Overview and Level Annotations

Branches:
Dungeon (4/15)              Sewer (visited)
 Temple: D:4-7

Altars:

Shops:
D:2 [


Innate Abilities, Weirdness & Mutations

You have temporarily grown beastly horns.
((You are very nimble when in or above water. (Stealth+, EV+, Speed+++)))
Your lower body shifts to a powerful aquatic tail in water.


Message History

The kobold brigand is moderately wounded.
The kobold brigand hits you with a +0 short sword.
You completely miss the kobold brigand.
Your headbutt misses the kobold brigand.
The kobold brigand is moderately wounded.
You hit the kobold brigand but do no damage.
Your headbutt misses the kobold brigand.
The kobold brigand is moderately wounded.
The kobold brigand misses you.
You barely miss the kobold brigand.
Your headbutt misses the kobold brigand.
The kobold brigand is moderately wounded.
You hit the kobold brigand.
The kobold brigand is heavily wounded.
The kobold brigand hits you with a +0 short sword.
You hit the kobold brigand but do no damage.
Your headbutt misses the kobold brigand.
The kobold brigand is heavily wounded.
The kobold brigand barely misses you.
You hit the kobold brigand but do no damage.
The kobold brigand is heavily wounded.
You hit the kobold brigand.
You punch the kobold brigand, but do no damage.
The kobold brigand is severely wounded.
The kobold brigand hits you with a +0 short sword.
You hit the kobold brigand. You headbutt the kobold brigand.
The kobold brigand is almost dead.
The kobold brigand hits you with a +0 short sword.
You closely miss the kobold brigand.
Your headbutt misses the kobold brigand.
The kobold brigand is almost dead.
You hit the kobold brigand but do no damage.
Your headbutt misses the kobold brigand.
The kobold brigand is almost dead.
The kobold brigand hits you with a +0 short sword.
* * * LOW HITPOINT WARNING * * *
You hit the kobold brigand but do no damage.
The kobold brigand is almost dead.
The kobold brigand hits you with a +0 short sword!
You die...

##. ##.. ### ... ..#
### ###..
#.#.######.## .....
#.#S.K......#
##.>###.########K###
#..............@...#
#.....##########.#.#
...###.#~.~.÷~~~###.#
## #..########~# .
######.##.~~~~##.# #.
.....).#~#####~#~# ..
...###.#.##~.#~#~# .#
##.....#~#~###~#.#
###.#.#.##~÷~~#~#


You could see a kobold brigand.

Vanquished Creatures
  Pargi (Sewer)
  An orc priest (D:4)
  4 adders
  2 worms
  2 orcs (D:4)
  3 endoplasms
  A giant cockroach (D:4)
  7 goblins
  3 hobgoblins
  4 quokkas
  2 ball pythons (D:1)
  2 bats
  3 frilled lizards
  3 kobolds
  6 rats
44 creatures vanquished.

Notes
Turn   | Place    | Note
-------+----------+-------------------------------------------
     0 | D:1      | cheesebisquit the Merfolk Transmuter began the quest for
                  | the Orb.
     0 | D:1      | Reached XP level 1. HP: 15/15 MP: 3/3
    82 | D:1      | Reached skill level 3 in Transmutations
   201 | D:1      | Reached XP level 2. HP: 21/21 MP: 3/5
   266 | D:1      | Found a faded altar of an unknown god.
   333 | D:1      | Reached skill level 4 in Transmutations
   443 | D:1      | Learned a level 2 spell: Wereblood
   908 | D:2      | Reached XP level 3. HP: 17/26 MP: 1/6
  1019 | D:2      | Reached skill level 5 in Transmutations
  1144 | D:2      | Learned a level 3 spell: Spider Form
  1270 | D:2      | Identified the +0 scale mail of Supple Strength {rC+ Dex+3
                  | SInv}
  1405 | D:2      | Reached XP level 4. HP: 30/32 MP: 5/7
  1498 | D:2      | Found Disym's Armour Emporium.
  1613 | D:2      | You fall into a shaft and drop 2 floors!
  1637 | D:4      | Reached skill level 1 in Poison Magic
  1726 | D:4      | Found a glowing drain.
  1732 | Sewer    | Entered a sewer
  1779 | Sewer    | Noticed Pargi
  1794 | Sewer    | Killed Pargi
  1795 | Sewer    | Reached skill level 6 in Transmutations
  1795 | Sewer    | Reached XP level 5. HP: 6/37 MP: 7/9
  1954 | Sewer    | Learned a level 4 spell: Ice Form
  2019 | D:4      | Noticed a kobold brigand
  2048 | D:4      | Slain by a kobold brigand

Illustrated notes

Levels and vault maps discovered:
D:1:      psy_arrival_radial01, layout_rooms, basic_ecumenical_altar
D:2:      layout_loops_ring, serial_shops, shop
D:4:      kennysheep_spiral_hall, layout_loops_ring,
          minmay_temple_entry_gardened_gates, gup_sewer_entry_spiral,
          uniq_pikel, uniq_eustachio, uniq_edmund

Skill      XL: |  1  2  3  4 |
---------------+-------------+-----
Transmutations | 3 4 5 6 |  6.3
Poison Magic   | 2 |  2.3
Spellcasting   | 3 |  3.0
Fighting       | |  1.1
Dodging        | |  2.6
Unarmed Combat | |  3.2

Action                     |  1- 3 |  4- 6 || total
---------------------------+-------+-------++-------
  Melee: Unarmed           |    91 |    91 ||   182
         Headbutt          |    15 |    14 ||    29
         Punch             |     2 |     2 ||     4
         Tailslap          |       |     1 ||     1
  Throw: Dart              |       |     4 ||     4
   Cast: Beastly Appendage |    21 |     8 ||    29
         Wereblood         |     3 |       ||     3
    Use: Scroll            |     3 |       ||     3
         Potion            |     1 |     1 ||     2
   Stab: Sleeping          |       |     1 ||     1
 Armour: Robe              |    15 |     8 ||    23
  Dodge: Dodged            |    38 |    44 ||    82
